 Dungeon Crawl Stone Soup version 0.28.0-49-g6dfe1f597d (webtiles) character file.

Game seed: 10507317866607600757

7 Exodus22XD the Skirmisher (level 1, 15/20 HPs)
             Began as a Minotaur Fighter on May 14, 2022.
             Was a Follower of Wu Jian.
             Quit the game on level 1 of the Dungeon.
             The game lasted 00:00:33 (323 turns).

Exodus22XD the Skirmisher (Minotaur Fighter)         Turns: 323, Time: 00:00:33

Health: 15/20      AC:  7    Str: 20    XL:     1   Next: 91%
Magic:  0/0        EV:  9    Int:  5    God:    Wu Jian [*.....]
Gold:   19         SH:  4    Dex:  9    Spells: 0/0 levels left

rFire   . . .      SeeInvis .   a - +0 war axe
rCold   . . .      Faith    .   c - +0 buckler
rNeg    . . .      Spirit   .   b - +0 scale mail
rPois   .          Reflect  .   (helmet restricted)
rElec   .          Harm     .   (no cloak)
rCorr   .          Rampage  .   (no gloves)
Will    .....                   (no boots)
Stlth   ..........              (no amulet)
HPRegen 0.06/turn               (no ring)
MPRegen 0.07/turn               (no ring)

@: no status effects
A: horns 2, retaliatory headbutt
a: Renounce Religion


You were on level 1 of the Dungeon.
You worshipped Wu Jian.
Wu Jian was aware of your devotion.
You visited 1 branch of the dungeon, and saw 1 of its levels.

You collected 19 gold pieces.

Inventory:

Hand Weapons
 a - a +0 war axe (weapon)
Armour
 b - a +0 scale mail (worn)
 c - a +0 buckler (worn)
Scrolls
 e - a scroll of amnesia {unknown}
 f - a scroll of magic mapping {unknown}
 g - a scroll of blinking {unknown}
 h - a scroll of fog {unknown}
 i - a scroll of teleportation {unknown}
 j - a scroll of fear {unknown}
Potions
 d - a potion of might


   Skills:
 + Level 3.9 Fighting
 + Level 2.5 Axes
 + Level 3.8 Armour
 + Level 3.8 Shields


You couldn't memorise any spells.
You didn't know any spells.
Your spell library was empty.

Dungeon Overview and Level Annotations

Branches:
Dungeon (1/15)

Altars:
Wu Jian

Shops:
D:1 =


Innate Abilities, Weirdness & Mutations

You have a pair of horns on your head.
You reflexively headbutt those who attack you in melee.


Message History

A quokka comes into view.
You barely miss the quokka. You block the quokka's attack.
You closely miss the quokka.
The quokka bites you but does no damage.
The quokka closely misses you.
A quokka is nearby!
A quokka is nearby!
You barely miss the quokka. The quokka barely misses you.
You furiously retaliate!
You headbutt the quokka. You closely miss the quokka.
The quokka is heavily wounded.
You block the quokka's attack. x2
You closely miss the quokka. Your headbutt misses the quokka.
The quokka is heavily wounded.
The quokka closely misses you. x2
You closely miss the quokka.
The quokka is heavily wounded.
You block the quokka's attack.
You miss the quokka.
The quokka is heavily wounded.
The quokka bites you. You block the quokka's attack.
You barely miss the quokka.
The quokka is heavily wounded.
The quokka barely misses you. The quokka bites you.
Found a scroll labelled FODERA ZEVICW.
The quokka barely misses you. You furiously retaliate!
You headbutt the quokka!
You kill the quokka!
There is a faded altar of an unknown god here.
You cannot tell which god this altar belongs to.
Convert to them anyway?
Wu Jian accepts your prayer! The Council welcomes you!
You can now perform damaging attacks by moving towards foes.
You can now lightly attack monsters by moving around them.
Okay, then.
You swing at nothing.
Unknown command.
Press < or > to pray at altars.
Unknown command.
Press < or > to pray at altars.
Are you sure you want to abandon this character and quit the game? (Confirm with "yes".)

.##...........
#...........
.##......####.. #
....###..#...#. #.
.........#..... #
#.##########...#..#.
...##............#......
......#..†#########...##
.......@..............#
#.....#....##########.#
#.....##...# #.## #....
##### #..† #..?. ####
#.## #.


There were no monsters in sight!

Vanquished Creatures
  A hobgoblin (D:1)
  2 quokkas (D:1)
  A ball python (D:1)
  A frilled lizard (D:1)
  3 rats (D:1)
8 creatures vanquished.

Notes
Turn   | Place    | Note
-------+----------+-------------------------------------------
     0 | D:1      | Exodus22XD the Minotaur Fighter began the quest for the
                  | Orb.
     0 | D:1      | Reached XP level 1. HP: 19/19 MP: 0/0
    10 | D:1      | Found Ohieloipoo's Jewellery Shoppe.
   305 | D:1      | Found a faded altar of an unknown god.
   321 | D:1      | Prayed at the altar of an unknown god.
   321 | D:1      | Became a worshipper of the Wu Jian Council
   321 | D:1      | Reached * piety under Wu Jian
   323 | D:1      | Quit the game

Illustrated notes

Levels and vault maps discovered:
D:1:      erik_arrival_blinker_ship, layout_basic,
          ebering_ecumenical_altar_abandoned, serial_shops, shop,
          chequers_mini_garden

Action                   || total
-------------------------++-------
Melee: War axe           ||    21
       Headbutt          ||     1
Armor: Scale mail        ||     4
Dodge: Dodged            ||    15
Block: Buckler           ||     8
